 Dungeon Crawl Stone Soup version 0.18-a0-1666-g3ea6f2b (webtiles) character file.

58 FrancescoMac the Cutter (level 4, 0/29 HPs)
             Began as a Kobold Chaos Knight on Mar 31, 2016.
             Slain by Terence
             ... wielding a +0 flail
              (3 damage)
             ... on level 2 of the Dungeon.
             The game lasted 00:05:50 (1667 turns).

FrancescoMac the Cutter (Kobold Chaos Knight)       Turns: 1667, Time: 00:05:51

Health: 0/29       AC:  7    Str: 15    XL:     4   Next: 21%
Magic:  4/4        EV: 16    Int: 10    God:    Xom [.*....]
Gold:   25         SH:  0    Dex: 15    Spells: 0 memorised, 3 levels left

rFire  + . .     SeeInvis .     a - +0 short sword (chaos)
rCold  + . .     Gourm    .     b - +2 leather armour
rNeg   . . .     Faith    .     (shield restricted)
rPois  +         Spirit   .     (no helmet)
rElec  +         Dismiss  .     (no cloak)
rCorr  +         Reflect  .     (no gloves)
SustAt .         Harm     .     (no boots)
MR     .....                    (no amulet)
Stlth  +.........               (no ring)
                                (no ring)

@: resistant, not resistant to hostile enchantments, very unstealthy
A: slimy green scales 1, carnivore 3, strong 2, evolution 1, sturdy frame 1
a: Renounce Religion


You were on level 2 of the Dungeon.
You worshipped Xom.
You were a plaything of Xom.
You were completely stuffed.

You visited 1 branch of the dungeon, and saw 2 of its levels.

You collected 25 gold pieces.

Inventory:

Hand Weapons
 a - a +0 short sword of chaos (weapon)
 f - a +2 dagger of speed
Armour
 b - a +2 leather armour (worn)
Scrolls
 e - 2 scrolls of identify {unknown}
 g - a scroll of remove curse
 k - a scroll of amnesia
Potions
 h - a potion of curing
 i - a potion of ambrosia {unknown}
 m - a potion of might {unknown}
Comestibles
 c - a meat ration
 d - a slice of pizza
 j - 5 chunks of flesh


   Skills:
 + Level 3.9 Fighting
 + Level 4.9 Short Blades
 - Level 0.7 Armour
 + Level 3.5 Dodging


You had 3 spell levels left.
You didn't know any spells.

Dungeon Overview and Level Annotations

Branches:
Dungeon (2/15)

Altars:

Annotations:
D:2 Terence


Innate Abilities, Weirdness & Mutations

You are small and have problems with some larger weapons.
You are carnivorous and can eat meat at any time.
You are partially covered in slimy green scales (AC +2).
Your muscles are very strong. (Str +4)
You evolve.
Your movements are slightly less encumbered by armour (ER -2).


Message History

You hit Terence but do no damage.
Terence momentarily stiffens.
Terence is almost dead.
Terence completely misses you. x2
You closely miss Terence.
Terence is almost dead.
Terence hits you but does no damage.
Drink which item? (? for menu, Esc to quit)
It was a potion of resistance.
You feel protected.
Xom thinks this is hilarious!
Terence hits you but does no damage.
You barely miss Terence.
Terence is almost dead.
Terence is no longer berserk.
Terence closely misses you.
You hit Terence.
Terence is almost dead.
Terence shouts, "DIE!!!"
Terence hits you with a flail.
You die... "Boring in life, boring in death..."

# .# ## #.#
#.#..# #@#
#@# #w# #.#
#.###
##.##...#
#........#
#.#.###..####
.#..#......#


You could see Terence and a dart slug.

Vanquished Creatures
  2 adders (D:2)
  A worm (D:1)
  A dart slug (D:2)
  4 giant geckos
  A bat (D:1)
  2 giant cockroaches
  A goblin (D:1)
  7 hobgoblins (D:1)
  3 jackals
  4 kobolds
  3 rats
29 creatures vanquished.

Notes
Turn   | Place    | Note
--------------------------------------------------------------
     0 | D:1      | FrancescoMac the Kobold Chaos Knight began the quest for the Orb.
     0 | D:1      | Reached XP level 1. HP: 14/14 MP: 1/1
   108 | D:1      | XOM: harmless Air miscast
   297 | D:1      | XOM: divination: magic mapping
   353 | D:1      | XOM: silly message
   445 | D:1      | Reached XP level 2. HP: 19/19 MP: 2/2
   649 | D:1      | XOM: 2-stop teleportation journey
   749 | D:1      | Reached XP level 3. HP: 24/24 MP: 3/3
   755 | D:1      | XOM: divination: detect creatures
   813 | D:1      | XOM: give mutation
   813 | D:1      | Gained mutation: Your movements are slightly less encumbered by armour (ER -2). [Xom's grace]
   895 | D:1      | XOM: give mutations
   895 | D:1      | Gained mutation: You are partially covered in slimy green scales (AC +2). [Xom's grace]
   895 | D:1      | Gained mutation: Your muscles are strong. (Str +2) [Xom's grace]
   895 | D:1      | Gained mutation: You evolve. [Xom's grace]
   895 | D:1      | Gained mutation: Your muscles are very strong. (Str +4) [Xom's grace]
  1479 | D:2      | XOM: swap monsters
  1481 | D:2      | Reached XP level 4. HP: 26/29 MP: 4/4
  1596 | D:2      | XOM: mild Pois miscast
  1629 | D:2      | Noticed Terence
  1667 | D:2      | Slain by Terence

Vault maps used:
D:1:      dpeg_arrival_rooms_a, minmay_crystal_water
D:2:      grunt_qazlal_clouds, amethyst_overflow_temple_binary,
          ecumenical_altar_1, uniq_terence

Skill      XL: |  1  2  3 |
---------------+----------+-----
Dodging        | 3 |  3.5
Fighting       | |  3.9
Short Blades   | |  4.9
Armour         | |  0.7

Action                   |  1- 3 |  4- 6 || total
-------------------------+-------+-------++-------
Melee: Short sword       |   111 |    47 ||   158
  Use: Potion            |     3 |     1 ||     4
       Scroll            |     2 |       ||     2
  Eat: Chunk             |    10 |     1 ||    11
